 Dungeon Crawl Stone Soup version 0.29-a0-451-gfbfa42419e (webtiles) character file.

Game seed: 12872879009062208506

18 dabmancer the Conjurer (level 2, -4/19 (20) HPs)
             Began as a Demigod Conjurer on May 19, 2022.
             Slain by a gnoll
             ... wielding a +0 whip
              (7 damage)
             ... on level 2 of the Dungeon.
             The game lasted 00:05:04 (1049 turns).

dabmancer the Conjurer (Demigod Conjurer)           Turns: 1049, Time: 00:05:05

HP:   -4/19 (20)    AC:  2    Str:  8    XL:     2   Next: 33%
MP:   6/7           EV: 12    Int: 20    God:
Gold: 87            SH:  0    Dex: 12    Spells: 2/4 levels left

rFire   . . .      SeeInvis .   m - +0 club
rCold   . . .      Faith    .   (no shield)
rNeg    . . .      Spirit   .   a - +0 robe
rPois   .          Reflect  .   (no helmet)
rElec   .          Harm     .   (no cloak)
rCorr   .          Rampage  .   (no gloves)
Will    .....                   (no boots)
Stlth   ++........              (no amulet)
HPRegen 0.06/turn               (no ring)
MPRegen 0.10/turn               (no ring)

@: drained
A: high MP 1, forlorn, divine attributes
a: no special abilities


You were on level 2 of the Dungeon.
You visited 1 branch of the dungeon, and saw 2 of its levels.

You collected 87 gold pieces.

Inventory:

Hand Weapons
 m - a +0 club (weapon)
Missiles
 l - 19 stones
Armour
 a - a +0 robe (worn)
 n - a +0 robe
Scrolls
 e - 3 scrolls of summoning (quivered) {unknown}
 f - a scroll of blinking {unknown}
 g - a scroll of immolation {unknown}
 h - a scroll of noise {unknown}
 j - a scroll of amnesia {unknown}
 k - a scroll of magic mapping {unknown}
Potions
 c - 2 potions of might {unknown}
 d - a potion of invisibility {unknown}
 i - a potion of resistance {unknown}


   Skills:
 + Level 1.9 Dodging
 + Level 1.8 Stealth
 + Level 1.8 Spellcasting
 + Level 4.1 Conjurations


You had 2 spell levels left.
You knew the following spells:

 Your Spells              Type           Power      Damage    Failure   Level
a - Magic Dart            Conj           72%        1d6       3%          1
b - Foxfire               Conj/Fire      40%        2x1d6     7%          1

Your spell library contained the following spells:

 Spells                   Type           Power      Damage    Failure   Level
 Searing Ray              Conj           36%        2d5       4%          2
 Conjure Flame            Conj/Fire      10%        6-21      21%         3
 Dazzling Flash           Conj/Hex       20%        N/A       21%         3
 Inner Flame              Hex/Fire       1%         N/A       43%         3
 Flame Wave               Conj/Fire      10%        2d5       56%         4
 Fulminant Prism          Conj/Hex       5%         3d7       56%         4
 Iskenderun's Mystic Bla  Conj/Tloc      10%        2d4       56%         4


Dungeon Overview and Level Annotations

Branches:
Dungeon (2/15)


Innate Abilities, Weirdness & Mutations

You have an increased reservoir of magic. (+10% MP)
You shall have no god before yourself.
Your divine heritage dramatically boosts your attributes as you level up.


Message History

The magic dart hits the goblin.
You kill the goblin!
The magic dart hits the gnoll.
The gnoll is moderately wounded.
A gnoll comes into view. It is wielding a +0 whip.
Casting: Magic Dart (safe; 3% risk of failure)
Confirm with . or Enter, or press ? or * to list all spells.
You don't know that spell.
Casting: Magic Dart (safe; 3% risk of failure)
Confirm with . or Enter, or press ? or * to list all spells.
You conjure some foxfire!
The foxfire hits the gnoll but does no damage.
The gnoll is moderately wounded.
Your foxfire dissipates!
Casting: Foxfire (safe; 7% risk of failure)
Confirm with . or Enter, or press ? or * to list all spells.
You miscast Foxfire.
You are very lightly contaminated with residual magic.
Nothing appears to happen.
The gnoll attacks as you move away! The gnoll hits you with a +0 whip!
The magic dart hits the gnoll.
The gnoll is heavily wounded.
The gnoll shouts!
The gnoll hits you with a +0 whip!
* * * LOW HITPOINT WARNING * * *
A gnoll comes into view. It is wielding a +0 flail.
Unknown command.
Magic courses through your body. The gnoll misses you.
Casting: Magic Dart (safe; 3% risk of failure)
Confirm with . or Enter, or press ? or * to list all spells.
You conjure some foxfire!
The gnoll shouts!
The gnoll misses you.
Your magical contamination has completely faded away.
The foxfire hits the gnoll.
The gnoll is almost dead.
The foxfire hits the gnoll but does no damage.
The gnoll is almost dead.
The gnoll hits you with a +0 whip!
You die...

##.# #....#.###...#####
...#####....#.###.#.#
......<.....#..##.#.####
.....####...##.........#
.....# #....##..gg.....#
.....###....##.........#
##....##.#####.........#
....#..#.## #...g.....#
..#..#....# ##..@......#
#.......#.###....ยง.....#
#####...#..............#
####..###......####.###
##................# ..#
........##.######.......
........##.# ####....
##.........# ...
##........##


You could see 3 gnolls.

Vanquished Creatures
  3 endoplasms
  5 goblins
  A quokka (D:2)
  3 ball pythons
  A bat (D:1)
  A frilled lizard (D:2)
  A rat (D:1)
15 creatures vanquished.

Vanquished Creatures (others)
  2 foxfires (D:2)
2 creatures vanquished.

Grand Total: 17 creatures vanquished

Notes
Turn   | Place    | Note
-------+----------+-------------------------------------------
     0 | D:1      | dabmancer the Demigod Conjurer began the quest for the Orb.
     0 | D:1      | Reached XP level 1. HP: 14/14 MP: 5/5
   440 | D:1      | Learned a level 1 spell: Foxfire
   709 | D:1      | Reached skill level 4 in Conjurations
   834 | D:2      | Reached XP level 2. HP: 20/20 MP: 2/7
  1049 | D:2      | Slain by a gnoll

Illustrated notes

Levels and vault maps discovered:
D:1:      psy_arrival_terrarium, layout_basic,
          hellmonk_ecumenical_altar_pennies_from_heaven
D:2:      minmay_general_purpose_star, layout_rooms, minivault_23

Skill      XL: |  1 |
---------------+----+-----
Conjurations   | 4 |  4.1
Dodging        | |  1.9
Stealth        | |  1.8
Spellcasting   | |  1.8

Action                   || total
-------------------------++-------
Melee: Unarmed           ||     1
 Cast: Magic Dart        ||    28
       Foxfire           ||     2
  Use: Potion            ||     1
Dodge: Dodged            ||     3

Table legend: (Time is in decaauts)
 A = Elapsed time spent in this place.
 B = Non-inter-level travel time spent in this place.
 C = Inter-level travel time spent in this place.
 D = Time resting spent in this place.
 E = Time spent auto-exploring this place.
 F = Levels seen in this place.
 G = Mean time per level.
                   A        B        C        D        E       F      G
               +--------+--------+--------+--------+--------+-----+--------+
         Total |   1049 |   1049 |      0 |     64 |    763 |   2 |  524.5 |
       Dungeon |   1049 |   1049 |      0 |     64 |    763 |   2 |  524.5 |
               +--------+--------+--------+--------+--------+-----+--------+

Top non-repeatable levels by time:
     D:1: 811 daAuts
     D:2: 238 daAuts
